 Dungeon Crawl Stone Soup version 0.31-a0-188-g5e087ee2ca (webtiles) character file.

Game seed: 10725409507547246518

2259 qw the Skirmisher (level 9, -2/51 HPs)
             Began as a Deep Elf Hunter on June 23, 2023.
             Slain by an orc priest
             ... wielding a +0 war axe
              (6 damage)
             ... on level 8 of the Dungeon.
             The game lasted 00:02:19 (5876 turns).

qw the Skirmisher (Deep Elf Hunter)                 Turns: 5876, Time: 00:02:20

Health: -2/51      AC:  7    Str: 12    XL:     9   Next: 15%
Magic:  11/11      EV: 17    Int: 15    God:
Gold:   312        SH:  0    Dex: 24    Spells: 8/8 levels left

rFire   . . .        p - +0 orcbow
rCold   . . .        (shield currently unavailable)
rNeg    . . .        n - +0 troll leather armour
rPois   +            (no helmet)
rElec   .            c - scarf {repulsion}
rCorr   .            (no gloves)
SInv    .            (no boots)
Will    .....        a - amulet of the acrobat
Stlth   ++           e - +6 ring of dexterity
HPRegen 1.08/turn    m - ring of poison resistance
MPRegen 0.12/turn

%: repel missiles, acrobat
@: no status effects
A: iridescent scales 1, shaggy fur 1
a: no special abilities


You were on level 8 of the Dungeon.
You visited 2 branches of the dungeon, and saw 9 of its levels.

You collected 312 gold pieces.


Innate Abilities, Weirdness & Mutations

You are partially covered in iridescent scales. (AC +2)
You are covered in fur. (AC +1)


   Skills:
 - Level 3.2 Fighting
 + Level 14.2 Ranged Weapons
 - Level 7.0 Dodging
 - Level 1.2 Stealth


You had 8 spell levels left.
You didn't know any spells.
Your spell library was empty.

Inventory:

Hand Weapons
 p - a +0 orcbow (weapon)
Armour
 c - a scarf of repulsion (worn)
 f - a +0 cloak
 n - a +0 troll leather armour (worn)
Jewellery
 a - an amulet of the acrobat (around neck)
 e - a +6 ring of dexterity (left hand)
 m - a ring of poison resistance (right hand)
 o - a ring of fire
 Y - a +4 ring of protection
Scrolls
 h - a scroll of identify
 i - a scroll of enchant armour
Potions
 b - 2 potions of curing
 d - a potion of mutation
 g - 2 potions of haste
 l - a potion of enlightenment
 q - a potion of might {unknown}

Dungeon Overview and Level Annotations

Branches:
Dungeon (8/15)             Temple (1/1) D:4
   Lair: D:8-11

Altars:
Ashenzari
Cheibriados
Fedhas
Gozag
Kikubaaqudgha
Makhleb
Nemelex Xobeh
Qazlal
Trog
Vehumet
Wu Jian
Yredelemnul
Zin
The Shining One

Annotations:
D:6 exclusion: 5 gnoll sergeants
D:8 Gastronok


Message History

You hear a shout!
The orc warrior misses you.
You hear a shout!
You hear a horrible gurgling sound!
You shoot an arrow.
The arrow hits the orc warrior but does no damage.
The orc warrior is almost dead.
The orc priest looks encouraged for a moment.
The orc warrior hits you from afar with a +0 trident!
You shoot an arrow.
The arrow hits the orc warrior but does no damage.
The orc warrior is almost dead.
You hear a shout!
You shoot an arrow. The arrow hits the orc warrior.
The orc warrior is almost dead.
The orc warrior closely misses you.
You shoot an arrow.
The arrow hits the orc warrior but does no damage.
The orc warrior is almost dead.
The orc warrior barely misses you.
You shoot an arrow. The arrow hits the orc priest.
The orc priest is lightly wounded.
The orc priest calls down the wrath of Beogh upon you.
Beogh smites you!
The orc warrior hits you from afar with a +0 trident.
You shoot an arrow. The arrow barely misses the orc priest.
You shoot an arrow.
The arrow closely misses the orc priest.
The orc priest closely misses you. The orc warrior barely misses you.
You shoot an arrow.
The arrow completely misses the orc priest.
The orc priest hits you but does no damage.
The orc priest mumbles some strange prayers to Beogh against you.
Beogh smites you! The orc warrior misses you.
You shoot an arrow.
The arrow hits the orc priest but does no damage.
The orc priest is lightly wounded.
An orc comes into view. It is wielding a +0 hand axe.
The orc priest casts a cantrip, but nothing happens.
The orc priest hits you with a +0 war axe.
You die...

#. #) ######### #.
........### #.
..........##########.
.....................
#######.#.#.#########
#.#########.#............
.......o@...#....########
...).oo######......#
.....o. .....))...#
#...... #.........# ##
#.#...o ...........# #.
#...... ...........# ##7)
####.#. ...........# #.))
.o.. ..<#......# #.<)
#)..


You could see an orc warrior, 2 orc priests and an orc.

Vanquished Creatures
  Sigmund (D:5)
  2 water moccasins
  An ice beast (D:6)
  2 centaurs
  3 ogres
  A phantom (D:4)
  A kobold brigand (D:6)
  A gnoll sergeant (D:6)
  4 bullfrogs
  3 wights (D:8)
  3 killer bees (D:7)
  A hound (D:4)
  A sleepcap (D:5)
  2 gnoll boudas (D:7)
  An orc priest (D:4)
  2 iguanas
  5 orc wizards
  A mummy (D:4)
  8 adders
  9 gnolls
  A shadow imp (D:8)
  2 ufetubi (D:4)
  3 worms
  4 dart slugs
  18 orcs
  5 bats
  3 endoplasms
  5 giant cockroaches
  4 goblins
  3 hobgoblins
  6 jackals
  3 quokkas
  3 ball pythons (D:3)
  7 frilled lizards
  10 kobolds
  4 rats
133 creatures vanquished.

Notes
Turn   | Place    | Note
-------+----------+-------------------------------------------
     0 | D:1      | qw the Deep Elf Hunter began the quest for the Orb.
     0 | D:1      | Reached XP level 1. HP: 12/12 MP: 3/3
     0 | D:1      | 0 ||| qw: Version: 0.3-a-9-g12657ce
     0 | D:1      | 0 ||| qw: Game counter: 4422
     0 | D:1      | 0 ||| qw: Always use a shield: true
     0 | D:1      | 0 ||| qw: God list: Okawaru
     0 | D:1      | 0 ||| qw: Allow faded altars: false
     0 | D:1      | 0 ||| qw: Do Orc after D:15 true
     0 | D:1      | 0 ||| qw: Do second Lair branch before Depths: true
     0 | D:1      | 0 ||| qw: Lair rune preference: random
     0 | D:1      | 0 ||| qw: Plans: Normal
     0 | D:1      | 0 ||| PLANNING D:1-11
   128 | D:1      | Reached XP level 2. HP: 16/16 MP: 4/4
   130 | D:1      | Reached skill level 6 in Ranged Weapons
   474 | D:1      | Reached XP level 3. HP: 20/20 MP: 5/5
   672 | D:1      | 672 ||| UPGRADING to +0 cloak.
   677 | D:1      | 677 ||| UPGRADING to +6 ring of dexterity.
   678 | D:1      | 678 ||| READING scroll labelled RUKEMI KAMUD.
   679 | D:1      | 679 ||| READING scroll labelled ULOAWO QURUAL.
   680 | D:1      | 680 ||| READING scroll labelled NEUDOMIALE.
   681 | D:1      | 681 ||| READING scroll labelled KYECIPS DOTUHY.
   717 | D:1      | 717 ||| DROPPING scroll of butterflies.
   747 | D:2      | 747 ||| READING scroll of enchant weapon.
   747 | D:2      | 747 ||| ENCHANTING +1 shortbow.
  1049 | D:2      | Reached skill level 7 in Ranged Weapons
  1097 | D:2      | 1097 ||| READING scroll of enchant weapon.
  1097 | D:2      | 1097 ||| ENCHANTING +2 shortbow.
  1305 | D:2      | Reached skill level 3 in Dodging
  1365 | D:2      | 1365 ||| UPGRADING to +0 ring mail.
  1375 | D:2      | 1375 ||| DROPPING +0 leather armour.
  1376 | D:2      | 1376 ||| DROPPING ring of flight.
  1377 | D:2      | 1377 ||| READING 2 scrolls labelled FULEKK KIHE.
  1378 | D:2      | 1378 ||| READING scroll labelled OTAYXT VE HUO.
  1379 | D:2      | 1379 ||| READING scroll labelled SOCOPA XAHIRGHO.
  1380 | D:2      | 1380 ||| READING 3 scrolls of identify.
  1380 | D:2      | 1380 ||| IDENTIFYING bubbling clear potion
  1381 | D:2      | 1381 ||| READING 2 scrolls of identify.
  1381 | D:2      | 1381 ||| IDENTIFYING emerald potion
  1382 | D:2      | 1382 ||| DROPPING potion of berserk rage.
  1383 | D:2      | 1383 ||| DROPPING scroll of immolation.
  1442 | D:3      | Reached XP level 4. HP: 17/25 MP: 6/6
  1834 | D:3      | 1834 ||| UPGRADING to scarf of repulsion.
  1844 | D:3      | 1844 ||| READING scroll labelled IPHAZX ZOSKOP.
  1945 | D:3      | 1945 ||| READING scroll labelled OMUGOW BATUNONO.
  1946 | D:3      | 1946 ||| DRINKING 2 grey potions.
  1947 | D:3      | 1947 ||| DRINKING 2 ruby potions.
  1948 | D:3      | 1948 ||| READING 2 scrolls of identify.
  1948 | D:3      | 1948 ||| IDENTIFYING cyan potion
  1949 | D:3      | 1949 ||| DROPPING potion of attraction.
  1950 | D:3      | 1950 ||| DROPPING potion of brilliance.
  1974 | D:4      | Found a burning altar of Makhleb.
  2025 | D:4      | Reached skill level 8 in Ranged Weapons
  2046 | D:4      | Identified the staff "Ler Xudi" {+Blink rElec Int-4 Earth}
  2093 | D:4      | Reached XP level 5. HP: 29/29 MP: 7/7
  2139 | D:4      | Found a staircase to the Ecumenical Temple.
  2140 | D:4      | 2140 ||| PLANNING TEMPLE
  2140 | D:4      | 2140 ||| READING scroll labelled ZUCE ZABAITEJEFF.
  2141 | D:4      | 2141 ||| READING scroll labelled ZYUMMU OHOCW.
  2143 | D:4      | 2143 ||| Stepping ~*~*~tactically~*~*~ (cloud).
  2226 | Temple   | Entered the Ecumenical Temple
  2260 | Temple   | 2260 ||| PLANNING D:1-11
  2285 | D:4      | Found a snail-covered altar of Cheibriados.
  2404 | D:4      | 2404 ||| Stepping ~*~*~tactically~*~*~ (outnumbered).
  2408 | D:4      | Reached skill level 9 in Ranged Weapons
  2417 | D:4      | Reached XP level 6. HP: 22/35 MP: 8/8
  2698 | D:4      | Noticed an air elemental
  2700 | D:4      | Found a stormy altar of Qazlal.
  2702 | D:4      | Noticed a fire elemental
  2702 | D:4      | Noticed a water elemental
  2843 | D:4      | 2843 ||| UPGRADING to +0 troll leather armour.
  2853 | D:4      | 2853 ||| DROPPING +0 ring mail.
  2854 | D:4      | 2854 ||| UPGRADING to amulet of the acrobat.
  2859 | D:4      | 2859 ||| READING scroll labelled POZOUSM ARALA.
  2860 | D:4      | 2860 ||| READING scroll labelled WYEF NEWAWN.
  2861 | D:4      | 2861 ||| DRINKING 2 smoky emerald potions.
  2861 | D:4      | Gained mutation: You are covered in fur. (AC +1) [potion of
                  | mutation]
  2861 | D:4      | Gained mutation: You are partially covered in iridescent
                  | scales. (AC +2) [potion of mutation]
  2862 | D:4      | 2862 ||| READING 2 scrolls of identify.
  2862 | D:4      | 2862 ||| IDENTIFYING lumpy blue potion
  2863 | D:4      | 2863 ||| DROPPING potion of lignification.
  2897 | D:5      | Entered Level 5 of the Dungeon
  2911 | D:5      | Reached skill level 10 in Ranged Weapons
  2948 | D:5      | Noticed a water moccasin
  2956 | D:5      | Killed a water moccasin
  2957 | D:5      | Reached XP level 7. HP: 40/40 MP: 9/9
  3017 | D:5      | Noticed Sigmund
  3020 | D:5      | Killed Sigmund
  3021 | D:5      | Reached skill level 11 in Ranged Weapons
  4014 | D:6      | Reached skill level 12 in Ranged Weapons
  4017 | D:6      | Reached XP level 8. HP: 23/44 MP: 10/10
  4017 | D:6      | HP: 6/44 [gnoll sergeant/+4 trident of freezing (18)]
  4018 | D:6      | 4018 ||| UPGRADING to +4 ring of protection.
  4030 | D:6      | HP: 11/44 [gnoll sergeant/+4 trident of freezing (1)]
  4123 | D:6      | Reached skill level 3 in Fighting
  4358 | D:6      | 4358 ||| DROPPING +6 ring of intelligence.
  4359 | D:6      | 4359 ||| READING scroll labelled UDEXZO SUGEBADE.
  4372 | D:7      | Reached skill level 6 in Dodging
  4572 | D:7      | 4572 ||| SWAPPING to +0 orcbow.
  4573 | D:7      | 4573 ||| DROPPING +3 shortbow of flaming.
  4872 | D:7      | Reached skill level 13 in Ranged Weapons
  5613 | D:7      | 5613 ||| DROPPING ring of protection from cold.
  5614 | D:7      | 5614 ||| UPGRADING to ring of poison resistance.
  5745 | D:8      | Reached skill level 14 in Ranged Weapons
  5745 | D:8      | Reached XP level 9. HP: 51/51 MP: 11/11
  5859 | D:8      | Noticed Gastronok
  5860 | D:8      | 5860 ||| Stepping ~*~*~tactically~*~*~ (outnumbered).
  5862 | D:8      | 5862 ||| Stepping ~*~*~tactically~*~*~ (outnumbered).
  5872 | D:8      | HP: 9/51 [orc warrior/+0 trident (4)]
  5875 | D:8      | HP: 3/51 [orc priest/divine providence (9)]
  5876 | D:8      | Slain by an orc priest

Levels and vault maps discovered:
D:1:      evilmike_arrival_hilbert_curve, layout_loops_ring
D:2:      layout_loops_ring, kennysheep_small_spiral
D:3:      layout_rooms, minmay_bisected
D:4:      layout_gridville, overflow_temple_1_default, slow_altar_1,
          nicolae_qazlal_style_of_elements, minmay_temple_entry_gardened_gates,
          kennysheep_generic_room_5
D:5:      layout_basic, uniq_sigmund
D:6:      layout_loops_ring
D:7:      layout_layer_cave
D:8:      layout_basic, grunt_ministairs_7, uniq_gastronok
Temple:   hellmonk_temple_of_storms

Skill      XL: |  1  2  3  4  5  6  7  8  9 |
---------------+----------------------------+-----
Ranged Weapons | 6 7 8 9 10 12 14 | 14.2
Dodging        | 3 4 5 6 7 |  7.0
Fighting       | 2 3 |  3.2
Stealth        | |  1.2

Action                     |  1- 3 |  4- 6 |  7- 9 || total
---------------------------+-------+-------+-------++-------
   Fire: Shortbow          |    95 |   127 |   103 ||   325
         Orcbow            |       |       |   102 ||   102
    Use: Scroll            |    11 |     8 |     1 ||    20
         Potion            |       |     3 |       ||     3
 Armour: Leather armour    |     9 |       |       ||     9
         Ring mail         |     6 |    14 |       ||    20
         Troll leather arm |       |     1 |    14 ||    15
  Dodge: Dodged            |    23 |    21 |    74 ||   118

Table legend:
 A = Non-vault XP
 B = Vault XP
 C = Vault XP percentage of total XP
 D = Non-vault monster count
 E = Vault monster count
 F = Vault count percentage of total count
                 A         B        C        D         E       F
            +---------+---------+-------+---------+---------+-------
      Total |    2896 |     332 |  10.3 |     121 |      12 |   9.0
            +---------+---------+-------+---------+---------+-------
        D:1 |      46 |       0 |   0.0 |      26 |       0 |   0.0
        D:2 |      37 |       0 |   0.0 |      10 |       0 |   0.0
        D:3 |      42 |       6 |  12.5 |      14 |       4 |  22.2
        D:4 |     395 |      23 |   5.5 |      22 |       2 |   8.3
        D:5 |     487 |     223 |  31.4 |       7 |       1 |  12.5
        D:6 |     520 |       0 |   0.0 |      17 |       0 |   0.0
        D:7 |     928 |       0 |   0.0 |      16 |       0 |   0.0
        D:8 |     441 |      80 |  15.4 |       9 |       5 |  35.7
            +---------+---------+-------+---------+---------+-------
